 Dungeon Crawl Stone Soup version 0.29.1-2-gbd0b4ee654 (webtiles) character file.

Game seed: 6725189970466814880

2359 GorkyZ the Trooper (level 9, -9/55 HPs)
             Began as a Gargoyle Fighter on Nov 29, 2022.
             Mangled by an orc warrior
             ... wielding a +1 vorpal war axe
              (16 damage)
             ... on level 6 of the Dungeon.
             The game lasted 00:24:35 (8015 turns).

GorkyZ the Trooper (Gargoyle Fighter)               Turns: 8015, Time: 00:24:36

Health: -9/55      AC: 10    Str: 29    XL:     9   Next: 44%
Magic:  9/9        EV: 11    Int:  8    God:
Gold:   456        SH:  5    Dex: 13    Spells: 8/8 levels left

rFire   + + .      SeeInvis .   a - +1 war axe
rCold   . . .      Faith    .   c - +0 buckler
rNeg    + . .      Spirit   .   q - +1 fire dragon scales
rPois   ∞          Reflect  .   D - +0 helmet
rElec   +          Harm     .   (no cloak)
rCorr   .          Rampage  .   (no gloves)
Will    .....                   (no boots)
Stlth   +.........              (no amulet)
HPRegen 0.18/turn               j - +6 ring of strength
MPRegen 0.11/turn               (no ring)

@: corroded
A: sickness immunity, AC +6, negative energy resistance 1, electricity
resistance, torment resistance 1, petrification resistance, thin skeletal
structure 1, cold resistance 1, MP-powered wands
a: no special abilities


You were on level 6 of the Dungeon.
You visited 1 branch of the dungeon, and saw 6 of its levels.
You also visited: Ossuary.

You collected 456 gold pieces.

Inventory:

Hand Weapons
 a - a +1 war axe (weapon)
 h - a +1 spear of freezing
 C - a +0 hand axe of electrocution
Missiles
 f - 11 poisoned darts (quivered)
 v - 6 boomerangs
Armour
 b - a +0 scale mail
 c - a +0 buckler (worn)
 q - +1 fire dragon scales (worn)
 D - a +0 helmet (worn)
Jewellery
 j - a +6 ring of strength (left hand)
Wands
 i - a wand of mindburst (2)
 t - a wand of acid (9)
 F - a wand of paralysis (18)
Scrolls
 g - 2 scrolls of vulnerability
 m - a scroll of blinking
 p - 3 scrolls of teleportation
 s - a scroll of magic mapping
 y - a scroll of enchant weapon
 z - a scroll of poison
Potions
 d - a potion of might
 e - 4 potions of haste
 k - 2 potions of mutation
 l - a potion of attraction
 n - a potion of berserk rage
 o - 3 potions of curing
 r - 2 potions of heal wounds {unknown}
 u - a potion of resistance {unknown}
 w - 4 potions of lignification {unknown}
 x - a potion of invisibility {unknown}
 A - a potion of cancellation {unknown}
 B - a potion of ambrosia {unknown}


   Skills:
 + Level 6.1 Fighting
 + Level 4.6 Axes
 + Level 3.9 Throwing
 + Level 6.0 Armour
 + Level 3.7 Dodging
 + Level 6.0 Shields
 + Level 4.0 Evocations


You had 8 spell levels left.
You didn't know any spells.
Your spell library contained the following spells:

 Spells                   Type           Power      Damage    Failure   Level
 Sandblast                Erth           0%         2d4       78%         1
 Passwall                 Tmut/Erth      0%         N/A       89%         2
 Ignite Poison            Fire/Tmut/Pois 0%         N/A       98%         3
 Mephitic Cloud           Conj/Pois/Air  0%         N/A       98%         3
 Stone Arrow              Conj/Erth      0%         3d7       98%         3
 Petrify                  Tmut/Erth      0%         N/A       100%        4
 Freezing Cloud           Conj/Ice/Air   0%         6-21      100%        5
 Metabolic Englaciation   Hex/Ice        0%         N/A       100%        5
 Statue Form              Tmut/Erth      Unusable   N/A       N/A         6

Dungeon Overview and Level Annotations

Branches:
Dungeon (6/15)            Ossuary (visited)
 Temple: D:4-7

Altars:
Ashenzari
Okawaru
Sif Muna
Vehumet
Yredelemnul
Zin
Lugonu

Shops:
D:1 :

Portals:
Abyss: D:4


Innate Abilities, Weirdness & Mutations

You are immune to sickness and miasma.
Your stone body is resilient. (AC +6)
You are immune to poison.
You resist negative energy. (rN+)
You are resistant to electric shocks. (rElec)
You are resistant to unholy torment.
You are immune to petrification.
You have a somewhat thin skeletal structure. (Dex +2, Stealth+)
Your flesh is cold resistant. (rC+)
You expend magic power (3 MP) to strengthen your wands.


Message History

The adder is moderately wounded.
You barely miss the adder. The adder barely misses you.
The adder bites you but does no damage. x2
You hit the adder.
The adder is almost dead.
You hit the adder but do no damage. You block the adder's attack.
The adder barely misses you. The adder bites you but does no damage.
The adder bites you.
You miss the adder.
The adder is almost dead.
You barely miss the adder. The adder bites you but does no damage.
You block the adder's attack. x2
You closely miss the adder.
The adder is almost dead.
You hit the adder but do no damage. The adder bites you but does no damage.
The adder barely misses you. The adder misses you.
You slash the adder!
You kill the adder!
You slash the adder!
You kill the adder!
The orc warrior hits you but does no damage.
Your Evocations skill increases to level 4!
You hit the orc warrior but do no damage.
You block the orc warrior's attack.
You hit the orc warrior.
The orc warrior is lightly wounded.
The orc warrior hits you with a +1 vorpal war axe!
* * * LOW HITPOINT WARNING * * *
You hit the orc warrior but do no damage.
The orc warrior is lightly wounded.
The orc warrior closely misses you.
You closely miss the orc warrior.
The orc warrior is lightly wounded.
The orc warrior barely misses you.
The orc warrior hits you with a +1 vorpal war axe!
* * * LOW HITPOINT WARNING * * *
x2 You closely miss the orc warrior.
The orc warrior is lightly wounded.
The orc warrior hits you with a +1 vorpal war axe!
You die...

.#.#####.##.######..#.# #.##.#.#
.#.#####.##.######..#.####.##.#>#
##.................<.......##....
##.#####....#####################
##.# #....##...# #..+ # ####
#....##.8.+#...# # #
#....##...#...# #
########.#####...#†.# #
.............'.8@o# #
........######..†#s# # #######.#
#...#..# # # #.# #.8.+##.. # #
#.# #...# .## #######.# ##### #
........# #########


You could see an orc warrior and a scorpion.

Vanquished Creatures
  2 ice beasts
  A centaur (D:5)
  2 ogres
  A necrophage (D:5)
  13 scorpions
  4 wights (D:6)
  A hound (D:4)
  3 human zombies
  A jelly (D:6)
  2 orc priests
  3 iguanas
  3 scorpion zombies (Ossuary)
  6 orc wizards
  3 mummies (Ossuary)
  8 adders
  12 gnolls
  A white imp (D:3)
  An ufetubus (D:5)
  4 worms (D:2)
  3 dart slugs
  20 orcs
  6 bats
  3 endoplasms
  2 giant cockroaches
  2 gnoll zombies (Ossuary)
  5 hobgoblins
  5 jackals
  5 quokkas
  8 ball pythons
  7 frilled lizards
  6 goblins
  A hobgoblin zombie (Ossuary)
  3 kobolds
  4 kobold zombies
  2 orc zombies (Ossuary)
  3 rats
  A lurking horror (D:4)
157 creatures vanquished.

Vanquished Creatures (others)
  5 plants (D:3)
5 creatures vanquished.

Grand Total: 162 creatures vanquished

Notes
Turn   | Place    | Note
-------+----------+-------------------------------------------
     0 | D:1      | GorkyZ the Gargoyle Fighter began the quest for the Orb.
     0 | D:1      | Reached XP level 1. HP: 14/14 MP: 1/1
   188 | D:1      | Reached XP level 2. HP: 19/19 MP: 2/2
   196 | D:1      | Found Sophuat's Book Shop.
   546 | D:1      | Reached XP level 3. HP: 22/23 MP: 3/3
  1330 | D:2      | Reached skill level 1 in Dodging
  1476 | D:2      | Reached skill level 1 in Evocations
  1476 | D:2      | Reached XP level 4. HP: 28/28 MP: 4/4
  1605 | D:2      | Reached skill level 1 in Throwing
  1744 | D:2      | Found a faded altar of an unknown god.
  2215 | D:3      | Noticed an ogre
  2221 | D:3      | Killed an ogre
  2222 | D:3      | Reached XP level 5. HP: 33/33 MP: 5/5
  2491 | D:3      | Reached XP level 6. HP: 4/38 MP: 6/6
  3917 | D:4      | Found a sand-covered staircase.
  3923 | Ossuary  | Entered an ossuary
  3958 | Ossuary  | Reached XP level 7. HP: 41/43 MP: 7/7
  4145 | Ossuary  | Reached XP level 8. HP: 48/48 MP: 8/8
  4164 | Ossuary  | Reached skill level 5 in Fighting
  4164 | Ossuary  | Reached skill level 5 in Armour
  4164 | Ossuary  | Reached skill level 5 in Shields
  4861 | D:4      | Found a runed translucent door.
  4873 | D:4      | Found a basalt altar of Yredelemnul.
  4982 | D:4      | Found a glowing silver altar of Zin.
  5077 | D:4      | Found a shimmering blue altar of Sif Muna.
  5337 | D:4      | Found a corrupted altar of Lugonu.
  5339 | D:4      | Found a one-way gate to the infinite horrors of the Abyss.
  5949 | D:5      | Entered Level 5 of the Dungeon
  6346 | D:5      | Reached XP level 9. HP: 55/55 MP: 9/9
  6422 | D:5      | Found a radiant altar of Vehumet.
  6435 | D:5      | Found an iron altar of Okawaru.
  7100 | D:5      | Gained mutation: You expend magic power (3 MP) to
                  | strengthen your wands. [potion of mutation]
  7100 | D:5      | Gained mutation: Your spells are a little easier to cast,
                  | but a little less powerful. [potion of mutation]
  7100 | D:5      | Lost mutation: Your spells are a little easier to cast, but
                  | a little less powerful. [potion of mutation]
  7101 | D:5      | Lost mutation: You expend magic power (3 MP) to strengthen
                  | your wands. [potion of mutation]
  7101 | D:5      | Gained mutation: You have sharp toenails. [potion of
                  | mutation]
  7101 | D:5      | Gained mutation: You are agile. (Dex +4, Str/Int -1)
                  | [potion of mutation]
  7102 | D:5      | Lost mutation: You are agile. (Dex +4, Str/Int -1) [potion
                  | of mutation]
  7102 | D:5      | Lost mutation: You have sharp toenails. [potion of
                  | mutation]
  7102 | D:5      | Gained mutation: You have a somewhat thin skeletal
                  | structure. (Dex +2, Stealth+) [potion of mutation]
  7102 | D:5      | Gained mutation: Your flesh is cold resistant. (rC+)
                  | [potion of mutation]
  7102 | D:5      | Gained mutation: You expend magic power (3 MP) to
                  | strengthen your wands. [potion of mutation]
  7539 | D:6      | Found a broken altar of Ashenzari.
  8015 | D:6      | Mangled by an orc warrior

Illustrated notes

Levels and vault maps discovered:
D:1:      saegor_arrival_simple_d, layout_rooms, serial_shops,
          nicolae_shop_waterfront, wander_ebering_terrifying_dragon_lair
D:2:      layout_basic, serial_aquarium, aquarium_bridge_square
          [aquarium_subvault_wall, aquarium_subvault_bridge,
          aquarium_subvault_wall, aquarium_subvault_wall],
          aquarium_bridge_square [aquarium_subvault_balcony,
          aquarium_subvault_wall, aquarium_subvault_bridge,
          aquarium_subvault_bridge], aquarium_window_double, aquarium_window_2,
          aquarium_view_2c, aquarium_balcony_5b, basic_ecumenical_altar
D:3:      layout_loops_corners, nicolae_grassy_gnolls
D:4:      layout_layer_cave, dk_yredelemnul_ordeal, zin_statuary,
          mainiacjoe_overflow_tiny_flanked, nicolae_ossuary_entry_plus,
          serial_glass, glass_columns_c, glass_columns_a,
          amcnicky_altar_lugonu_corruption
D:5:      layout_rooms, jmf_multi_god_temple, serial_co_window_serial,
          co_window_paths_a, co_window_of_opportunity_a, co_window_cross_1,
          co_window_paths_a, co_window_paths_a, co_window_paths_a,
          co_window_paths_a, co_window_broadway_c, co_window_paths_c,
          co_window_broadway_c, co_window_corner_b, co_window_unsneaky_path_b,
          co_window_2corner, co_window_unsneaky_path_c, glass_columns_b
D:6:      minmay_chambers_of_threes, layout_basic, ashenzari_altar_1

Skill      XL: |  1  2  3  4  5  6  7  8  9 |
---------------+----------------------------+-----
Axes           | 2 3 4 |  4.6
Dodging        | 1 2 3 |  3.7
Evocations     | 1 2 3 4 |  4.0
Throwing       | 1 2 3 |  3.9
Armour         | 4 5 6 |  6.0
Shields        | 4 5 6 |  6.0
Fighting       | 4 5 6 |  6.1

Action                   |  1- 3 |  4- 6 |  7- 9 || total
-------------------------+-------+-------+-------++-------
Melee: War axe           |    89 |   148 |   309 ||   546
Throw: Dart              |       |     2 |     2 ||     4
  Use: Scroll            |       |     7 |     9 ||    16
       Potion            |       |     1 |     3 ||     4
Armor: Scale mail        |    55 |    67 |       ||   122
       Fire dragon scale |       |    17 |   225 ||   242
Dodge: Dodged            |    46 |    87 |   177 ||   310
Block: Buckler           |    14 |    33 |    97 ||   144
